 Dungeon Crawl Stone Soup version 0.27.1-33-g824d729ab1 (webtiles) character file.

Game seed: 16597340705959534747

35 zeram the Sneak (level 3, -2/18 HPs)
             Began as a Spriggan Brigand on Dec 20, 2021.
             Slain by an orc (7 damage)
             ... on level 3 of the Dungeon.
             The game lasted 00:02:46 (1761 turns).

zeram the Sneak (Spriggan Brigand)                  Turns: 1761, Time: 00:02:46

Health: -2/18      AC:  3    Str:  7    XL:     3   Next: 17%
Magic:  4/4        EV: 15    Int: 13    God:
Gold:   51         SH:  6    Dex: 16    Spells: 2/2 levels left

rFire    . . .     SeeInvis +   a - +3 dagger
rCold    . . .     Faith    .   f - +1 buckler
rNeg     . . .     Spirit   .   b - +0 robe
rPois    .         Reflect  .   (helmet restricted)
rElec    .         Harm     .   c - +0 cloak
rCorr    .         Rampage  .   (gloves unavailable)
Will     .....                  (boots unavailable)
Stlth    ++++......             (no amulet)
HPRegen  0.06/turn              (no ring)
MPRegen  0.09/turn              (no ring)

@: mighty, very slightly contaminated, invisible, very quick
A: very small, no large weapons, unfitting armour, see invisible, speed 3
a: no special abilities


You were on level 3 of the Dungeon.
You visited 1 branch of the dungeon, and saw 3 of its levels.

You collected 51 gold pieces.

Inventory:

Hand Weapons
 a - a +3 dagger (weapon)
 i - a +1 dagger of venom
Missiles
 d - 8 poisoned darts (quivered)
 e - 2 curare-tipped darts
Armour
 b - a +0 robe (worn)
 c - a +0 cloak (worn)
 f - a +1 buckler (worn)
Potions
 k - a potion of mutation
 m - a potion of lignification


   Skills:
 - Level 1.5 Fighting
 - Level 2.1 Short Blades
 - Level 2.0 Throwing
 - Level 1.3 Dodging
 + Level 7.4 Stealth
 * Level 0.6 Shields


You had 2 spell levels left.
You didn't know any spells.
Your spell library contained the following spells:

 Spells                   Type           Power      Damage    Failure   Level
 Shock                    Conj/Air       0%         1d3       43%         1
 Conjure Flame            Conj/Fire      0%         6-21      82%         3
 Ignite Poison            Fire/Tmut/Pois 0%         N/A       82%         3
 Swiftness                Air            0%         N/A       82%         3
 Airstrike                Air            0%         N/A       99%         4
 Sticky Flame             Conj/Fire      0%         2d3       99%         4


Dungeon Overview and Level Annotations

Branches:
Dungeon (3/15)

Altars:

Annotations:
D:3 3 runed translucent doors, halfoni's ghost, amateur HuBe


Innate Abilities, Weirdness & Mutations

You are very small and have problems with some larger weapons.
You are too small for most types of armour.
You have supernaturally acute eyesight. (SInv)
You cover ground extremely quickly. (Speed+++)


Message History

You add the spells Conjure Flame, Ignite Poison and Sticky Flame to your library.
Found a runed translucent gate.
An orc priest comes into view. It is wielding a +0 short sword.
An orc priest is nearby!
An orc priest is nearby!
An orc priest is nearby!
An orc comes into view. It is wielding a +0 hand axe.
Things that are here:
2 javelins; a +0 robe 2 orcs come into view.
The orc priest shouts!
The orc shouts! x3
You hit the orc priest.
The orc priest is moderately wounded.
The kobold shouts!
You hear a shout!
You barely miss the orc priest.
The orc priest is moderately wounded.
You block the orc priest's attack.
Something hits the fungus.
The fungus begins to die.
Something hits the fungus.
Space bends around the fungus!
You fade into invisibility!
The kobold shouts!
The kobold brigand shouts!
You hear a shout! x2
Something hits the fungus. x2; Space bends around the fungus.
Something hits the fungus.
The fungus begins to die.
The orc priest closely misses you.
You are very lightly contaminated with residual magic.
The kobold shouts!
You hit the orc priest but do no damage.
The orc priest is moderately wounded.
The kobold shouts!
You hear a shout!
The orc hits you with a +0 hand axe!
Something hits the fungus!
The orc misses you.
The orc priest hits you with a +0 short sword.
You feel very mighty all of a sudden. The orc closely misses you.
The orc hits you with a +0 flail.
* * * LOW HITPOINT WARNING * * *
The orc priest barely misses you.
You closely miss the orc priest.
The orc priest is moderately wounded.
A nearby fungus withers and dies.
The orc hits you with a +0 flail!
You die...

#.#.#......(..###
..#.#.........#
...............#
.<.............#
...............##
.........(.......
.....#........###
.....###.#...##P⌠
..... #@o.#.#...
.. #oo...+.##
#o....+K..
......+.##
......#.K
#......##≈
##......##
##......


You could see a kobold brigand, an orc priest, 3 orcs and a kobold.

Vanquished Creatures
  2 dart slugs
  3 endoplasms
  A giant cockroach (D:1)
  2 goblins (D:1)
  4 hobgoblins
  5 kobolds
  5 ball pythons (D:1)
  2 bats (D:1)
  A frilled lizard (D:1)
  A rat (D:1)
26 creatures vanquished.

Vanquished Creatures (others)
  A fungus (D:3)
1 creature vanquished.

Grand Total: 27 creatures vanquished

Notes
Turn   | Place    | Note
-------+----------+-------------------------------------------
     0 | D:1      | zeram the Spriggan Brigand began the quest for the Orb.
     0 | D:1      | Reached XP level 1. HP: 10/10 MP: 2/2
    17 | D:1      | Reached skill level 6 in Stealth
   106 | D:1      | Reached XP level 2. HP: 10/14 MP: 3/3
   386 | D:1      | Reached skill level 7 in Stealth
   882 | D:2      | Reached XP level 3. HP: 18/18 MP: 4/4
  1347 | D:2      | Found a faded altar of an unknown god.
  1749 | D:3      | Found a runed translucent gate.
  1750 | D:3      | Found a runed translucent gate.
  1751 | D:3      | Found a runed translucent gate.
  1751 | D:3      | Noticed halfoni's ghost (amateur HuBe)
  1757 | D:3      | Noticed a kobold brigand
  1761 | D:3      | Slain by an orc

Illustrated notes

Levels and vault maps discovered:
D:1:      lemuel_arrival_broad_hall, layout_rooms, minmay_misc_feat_columns
D:2:      layout_basic, ebering_ecumenical_altar_hall
D:3:      layout_rooms, old_standard_altar, portal_sewer_entry_d,
          gammafunk_ghost_nasty_kobolds, corner_web_ring,
          chequers_serial_rivers_room_b, kennysheep_generic_room_15

Skill      XL: |  1  2 |
---------------+-------+-----
Stealth        | 6 7 |  7.4
Fighting       | |  1.5
Short Blades   | |  2.1
Throwing       | |  2.0
Dodging        | |  1.3
Shields        | |  0.6

Action                   || total
-------------------------++-------
Melee: Dagger            ||    77
  Use: Scroll            ||    11
       Potion            ||     2
 Stab: Sleeping          ||     9
Armor: Robe              ||     9
Dodge: Dodged            ||    40
Block: Buckler           ||    18
